XFBL
TORONTO BLUE JAYS @ TEXAS RANGERS
05/13/1982
 
TOP OF THE 1ST
Toronto Blue Jays batting - Pitching for Texas Rangers : RHP Catfish Hunter
Pitching: RHP Catfish Hunter
Batting: SHB Harold Reynolds 0-0: SINGLE (Line Drive, 7S, EV 106.9 MPH)
Batting: RHB Jose Gonzalez 0-0: Ball
1-0: Swinging Strike
1-1: Called Strike
1-2: Ball
2-2: Strikes out swinging
Batting: RHB Andres Galarraga 0-0: Ball
1-0: Fly out, F9 (Line Drive, 9D, EV 86.3 MPH)
Batting: RHB Juan Monasterio 0-0: Called Strike
0-1: Ball
1-1: Foul Ball, location: 2F
1-2: SINGLE (Groundball, 6MD, EV 101.9 MPH)
Harold Reynolds to second
Runner from 2nd tries for 3rd, SAFE, no throw by CF
Batting: LHB Milt Thompson 0-0: Swinging Strike
Pickoff Throw to First - Out! 1-3
Top of the 1st over - 0 runs, 2 hits, 0 errors, 1 left on base; Toronto 0 - Texas 0
BOTTOM OF THE 1ST
Texas Rangers batting - Pitching for Toronto Blue Jays : RHP Storm Davis
Pitching: RHP Storm Davis
Batting: LHB Lenny Dykstra 0-0: Ball
1-0: Ground out 3-1 (Groundball, 3D, EV 95.6 MPH)
Batting: RHB Juan Rodriguez 0-0: Ball
1-0: Ball
2-0: Swinging Strike
2-1: Swinging Strike
2-2: Strikes out looking
Batting: RHB Joe Charboneau 0-0: Ball
1-0: Swinging Strike
1-1: Swinging Strike
1-2: SINGLE (Groundball, 6MD, EV 106.3 MPH)
Batting: RHB Steve Garvey 0-0: 2-RUN HOME RUN (Flyball, 7LD, EV 91.3 MPH), Distance : 348 ft
Batting: RHB Steve Balboni 0-0: Ball
1-0: Called Strike
1-1: Ball
2-1: Fly out, F8 (Flyball, 8LM, EV 75.0 MPH)
Bottom of the 1st over - 2 runs, 2 hits, 0 errors, 0 left on base; Toronto 0 - Texas 2
TOP OF THE 2ND
Toronto Blue Jays batting - Pitching for Texas Rangers : RHP Catfish Hunter
Batting: LHB Milt Thompson 0-0: Fly out, F8 (Flyball, 8LXD, EV 106.3 MPH)
Batting: RHB Hubie Brooks 0-0: Ball
1-0: Called Strike
1-1: Fly out, F2 (Popup, 23F, EV 80.6 MPH)
Batting: RHB Cal Ripken 0-0: Fly out, F3 (Popup, 3SF, EV 80.0 MPH)
Top of the 2nd over - 0 runs, 0 hits, 0 errors, 0 left on base; Toronto 0 - Texas 2
BOTTOM OF THE 2ND
Texas Rangers batting - Pitching for Toronto Blue Jays : RHP Storm Davis
Batting: RHB Rich Dauer 0-0: Foul Ball, location: 2F
0-1: Swinging Strike
0-2: DOUBLE (Line Drive, 7LD, EV 106.3 MPH)
Batting: SHB Ron Roenicke 0-0: Ball
1-0: Ball
2-0: Ball
3-0: Base on Balls
Batting: RHB George Bjorkman 0-0: Called Strike
0-1: Ball
1-1: Ball
2-1: Foul Ball, location: 2F
2-2: Foul Ball, location: 2F
2-2: Fielders Choice at 2nd, 3-6 (Groundball, 34S, EV 85.6 MPH)
Rich Dauer to third
Batting: RHB Juan Samuel 0-0: Called Strike
0-1: Fly out, F9 (Flyball, 9LD, EV 93.8 MPH)
Runner from 3rd tags up, SCORES, no throw by RF
Batting: LHB Lenny Dykstra 0-0: Called Strike
0-1: Ball
1-1: Fly out, F7 (Flyball, 78S, EV 90.0 MPH)
Bottom of the 2nd over - 1 run, 1 hit, 0 errors, 1 left on base; Toronto 0 - Texas 3
TOP OF THE 3RD
Toronto Blue Jays batting - Pitching for Texas Rangers : RHP Catfish Hunter
Batting: RHB Fritzie Connally 0-0: Foul Ball, location: 2F
0-1: Swinging Strike
0-2: Ball
1-2: Foul Ball, location: 2F
1-2: Ball
2-2: Strikes out swinging
Batting: LHB Manny Leal 0-0: Ball
1-0: Foul Ball, location: 2F
1-1: Swinging Strike
1-2: SINGLE (Groundball, 34S, EV 67.5 MPH) (infield hit)
Batting: SHB Harold Reynolds 0-0: Ball
1-0: Ball
2-0: Foul Ball, location: 2F
2-1: Foul Ball, location: 2F
2-2: Foul Ball, location: 2F
2-2: Strikes out looking
Batting: RHB Jose Gonzalez 0-0: Ball
1-0: Ball
2-0: SINGLE (Groundball, 34S, EV 70.0 MPH) (infield hit)
Manny Leal to second
Batting: RHB Andres Galarraga 0-0: Called Strike
0-1: Swinging Strike
0-2: Ball
1-2: Ball
2-2: Ball
3-2: Foul Ball, location: 2F
3-2: Foul Ball, location: 2F
3-2: Foul Ball, location: 2F
3-2: Foul Ball, location: 2F
3-2: Ground out 6-3 (Groundball, P, EV 84.4 MPH)
Top of the 3rd over - 0 runs, 2 hits, 0 errors, 2 left on base; Toronto 0 - Texas 3
BOTTOM OF THE 3RD
Texas Rangers batting - Pitching for Toronto Blue Jays : RHP Storm Davis
Batting: RHB Juan Rodriguez 0-0: Ball
1-0: Ball
2-0: Ball
3-0: Called Strike
3-1: Foul Ball, location: 2F
3-2: Fly out, F2 (Popup, 2LF, EV 90.0 MPH)
Batting: RHB Joe Charboneau 0-0: Ball
1-0: Swinging Strike
1-1: Ball
2-1: Foul Ball, location: 2F
2-2: Strikes out swinging
Batting: RHB Steve Garvey 0-0: Ball
1-0: Ball
2-0: Swinging Strike
2-1: Foul Ball, location: 2F
2-2: Strikes out swinging
Bottom of the 3rd over - 0 runs, 0 hits, 0 errors, 0 left on base; Toronto 0 - Texas 3
TOP OF THE 4TH
Toronto Blue Jays batting - Pitching for Texas Rangers : RHP Catfish Hunter
Batting: RHB Juan Monasterio 0-0: Ball
1-0: Ball
2-0: Swinging Strike
2-1: Ball
3-1: Called Strike
3-2: Foul Ball, location: 2F
3-2: Fly out, F8 (Flyball, 78XD, EV 92.5 MPH)
Batting: LHB Milt Thompson 0-0: Ball
1-0: Swinging Strike
1-1: Ball
2-1: Foul Ball, location: 2F
2-2: Foul Ball, location: 2F
2-2: Ball
3-2: Strikes out swinging
Batting: RHB Hubie Brooks 0-0: Called Strike
0-1: Ball
1-1: Swinging Strike
1-2: Strikes out swinging
Top of the 4th over - 0 runs, 0 hits, 0 errors, 0 left on base; Toronto 0 - Texas 3
BOTTOM OF THE 4TH
Texas Rangers batting - Pitching for Toronto Blue Jays : RHP Storm Davis
Batting: RHB Steve Balboni 0-0: Ball
1-0: Swinging Strike
1-1: Called Strike
1-2: Fly out, F4 (Flyball, 4MD, EV 82.5 MPH)
Batting: RHB Rich Dauer 0-0: Called Strike
0-1: Called Strike
0-2: Ball
1-2: Ball
2-2: Foul Ball, location: 2F
2-2: Reached on error, E6 (Groundball, 6, EV 103.1 MPH)
Batting: SHB Ron Roenicke 0-0: Fielders Choice at 2nd, 4-6 (Groundball, 4, EV 85.0 MPH)
Batting: RHB George Bjorkman 0-0: Called Strike
0-1: Ball
1-1: Foul Ball, location: 2F
1-2: SINGLE (Groundball, 56D, EV 95.0 MPH)
Ron Roenicke to second
Runner from 2nd tries for 3rd, SAFE, no throw by LF
Batting: RHB Juan Samuel 0-0: Ball
1-0: Ball
2-0: Ball
3-0: Called Strike
3-1: 3-RUN HOME RUN (Flyball, 78XD, EV 99.4 MPH), Distance : 436 ft
Batting: LHB Lenny Dykstra 0-0: Fly out, F6 (Line Drive, 6, EV 71.3 MPH)
Bottom of the 4th over - 3 runs, 2 hits, 1 error, 0 left on base; Toronto 0 - Texas 6
TOP OF THE 5TH
Toronto Blue Jays batting - Pitching for Texas Rangers : RHP Catfish Hunter
Batting: RHB Cal Ripken 0-0: Ball
1-0: Ball
2-0: Ball
3-0: Called Strike
3-1: Base on Balls
Batting: RHB Fritzie Connally 0-0: Called Strike
0-1: Swinging Strike
0-2: Ball
1-2: Strikes out looking
Batting: LHB Manny Leal 0-0: Ball
1-0: Ball
2-0: Ball
3-0: Called Strike
3-1: Fly out, F9 (Flyball, 9LS, EV 89.4 MPH)
Batting: SHB Harold Reynolds 0-0: Ball
1-0: Ball
2-0: Foul Ball, location: 2F
2-1: Swinging Strike
2-2: Strikes out looking
Top of the 5th over - 0 runs, 0 hits, 0 errors, 1 left on base; Toronto 0 - Texas 6
BOTTOM OF THE 5TH
Texas Rangers batting - Pitching for Toronto Blue Jays : RHP Storm Davis
Batting: RHB Juan Rodriguez 0-0: Ball
1-0: Ball
2-0: Foul Ball, location: 2F
2-1: Called Strike
2-2: Ground out 5-3 (Groundball, 25, EV 83.8 MPH)
Batting: RHB Joe Charboneau 0-0: SINGLE (Flyball, 8LS, EV 88.1 MPH)
Batting: RHB Steve Garvey 0-0: Ball
1-0: Foul Ball, location: 2F
1-1: Ball
2-1: SINGLE (Line Drive, 8RS, EV 106.3 MPH)
Joe Charboneau to second
Runner from 2nd tries for 3rd, SAFE, throw by CF made to third
Batting: RHB Steve Balboni 0-0: Ball
1-0: Fly out, F8 (Flyball, 8RD, EV 79.4 MPH)
Runner from 3rd tags up, SCORES, throw by CF
Pitching: RHP Dane Anthony
Batting: RHB Rich Dauer 0-0: Ball
1-0: Called Strike
1-1: Foul Ball, location: 2F
1-2: Strikes out swinging
Bottom of the 5th over - 1 run, 2 hits, 0 errors, 1 left on base; Toronto 0 - Texas 7
TOP OF THE 6TH
Toronto Blue Jays batting - Pitching for Texas Rangers : RHP Catfish Hunter
Batting: RHB Jose Gonzalez 0-0: Foul Ball, location: 2F
0-1: Foul Ball, location: 2F
0-2: Ball
1-2: Ball
2-2: Ground out 3-1 (Groundball, 34S, EV 86.9 MPH)
Batting: RHB Andres Galarraga 0-0: Ball
1-0: Ball
2-0: Ball
3-0: Called Strike
3-1: Foul Ball, location: 2F
3-2: Fly out, F7 (Flyball, 7S, EV 78.8 MPH)
Batting: RHB Juan Monasterio 0-0: Ball
1-0: Foul Ball, location: 2F
1-1: Fly out, F7 (Flyball, 7D, EV 96.9 MPH)
Top of the 6th over - 0 runs, 0 hits, 0 errors, 0 left on base; Toronto 0 - Texas 7
BOTTOM OF THE 6TH
Texas Rangers batting - Pitching for Toronto Blue Jays : RHP Dane Anthony
Batting: SHB Ron Roenicke 0-0: Called Strike
0-1: Swinging Strike
0-2: Ball
1-2: Ball
2-2: Strikes out swinging
Batting: RHB George Bjorkman 0-0: Called Strike
0-1: Ball
1-1: Ball
2-1: Foul Ball, location: 2F
2-2: Strikes out swinging
Batting: RHB Juan Samuel 0-0: Called Strike
0-1: Ball
1-1: Ball
2-1: Called Strike
2-2: Foul Ball, location: 2F
2-2: Strikes out swinging
Bottom of the 6th over - 0 runs, 0 hits, 0 errors, 0 left on base; Toronto 0 - Texas 7
TOP OF THE 7TH
Toronto Blue Jays batting - Pitching for Texas Rangers : RHP Catfish Hunter
Batting: LHB Milt Thompson 0-0: Ball
1-0: Ball
2-0: Ground out 4-3 (Groundball, 4, EV 85.6 MPH)
Pitching: RHP Ed Lynch
Batting: RHB Hubie Brooks 0-0: Ball
1-0: Ball
2-0: Ball
3-0: Called Strike
3-1: Foul Ball, location: 2F
3-2: Fly out, F7 (Line Drive, 7, EV 87.5 MPH)
Batting: RHB Cal Ripken 0-0: Ball
1-0: Ball
2-0: Called Strike
2-1: Swinging Strike
2-2: Ground out 2-3 (Groundball, 15S, EV 67.5 MPH)
Top of the 7th over - 0 runs, 0 hits, 0 errors, 0 left on base; Toronto 0 - Texas 7
BOTTOM OF THE 7TH
Texas Rangers batting - Pitching for Toronto Blue Jays : RHP Dane Anthony
Batting: LHB Lenny Dykstra 0-0: Ball
1-0: Foul Ball, location: 2F
1-1: Swinging Strike
1-2: Strikes out swinging
Batting: RHB Juan Rodriguez 0-0: Foul Ball, location: 2F
0-1: Ball
1-1: Ball
2-1: Foul Ball, location: 2F
2-2: Ground out 6-3 (Groundball, 6, EV 100.0 MPH)
Batting: RHB Joe Charboneau 0-0: Ball
1-0: Called Strike
1-1: Ground out 6-3 (Groundball, 6, EV 103.8 MPH)
Bottom of the 7th over - 0 runs, 0 hits, 0 errors, 0 left on base; Toronto 0 - Texas 7
TOP OF THE 8TH
Toronto Blue Jays batting - Pitching for Texas Rangers : RHP Ed Lynch
Batting: RHB Fritzie Connally 0-0: SINGLE (Groundball, 6MD, EV 105.6 MPH)
Batting: LHB Manny Leal 0-0: Ball
1-0: SINGLE (Line Drive, 34, EV 96.3 MPH)
Fritzie Connally to second
Batting: SHB Harold Reynolds 0-0: Ball
Wild Pitch!
Fritzie Connally to third
Manny Leal to second
1-0: Fly out, F3 (Line Drive, 3, EV 70.0 MPH)
Batting: RHB Jose Gonzalez 0-0: Ball
1-0: Ball
2-0: Fly out, F8 (Line Drive, 8LD, EV 99.4 MPH)
Runner from 3rd tags up, SCORES, no throw by CF
Batting: RHB Andres Galarraga 0-0: Called Strike
0-1: Ground out 4-3 (Groundball, 4, EV 85.6 MPH)
Top of the 8th over - 1 run, 2 hits, 0 errors, 1 left on base; Toronto 1 - Texas 7
BOTTOM OF THE 8TH
Texas Rangers batting - Pitching for Toronto Blue Jays : RHP Dane Anthony
Batting: RHB Steve Garvey 0-0: Ball
1-0: Swinging Strike
1-1: Ball
2-1: Foul Ball, location: 2F
2-2: Strikes out looking
Batting: RHB Steve Balboni 0-0: Ball
1-0: Foul Ball, location: 2F
1-1: Foul Ball, location: 2F
1-2: Foul Ball, location: 2F
1-2: Ball
2-2: Foul Ball, location: 2F
2-2: DOUBLE (Line Drive, 78XD, EV 103.8 MPH)
Batting: RHB Rich Dauer 0-0: Ball
1-0: Ground out 6-3 (Groundball, 6, EV 84.4 MPH)
Batting: SHB Ron Roenicke 0-0: Fly out, F7 (Flyball, 7LS, EV 88.1 MPH)
Bottom of the 8th over - 0 runs, 1 hit, 0 errors, 1 left on base; Toronto 1 - Texas 7
TOP OF THE 9TH
Toronto Blue Jays batting - Pitching for Texas Rangers : RHP Ed Lynch
Batting: RHB Juan Monasterio 0-0: Called Strike
0-1: Foul Ball, location: 2F
0-2: Strikes out looking
Batting: LHB Milt Thompson 0-0: Called Strike
0-1: Ground out 4-3 (Groundball, 4S, EV 67.5 MPH)
Batting: RHB Hubie Brooks 0-0: Ball
1-0: Fly out, F8 (Flyball, 8LM, EV 88.8 MPH)
Top of the 9th over - 0 runs, 0 hits, 0 errors, 0 left on base; Toronto 1 - Texas 7
Thursday, July 30th, 2020 - OOTP Baseball 21.5 Build 71